 Dungeon Crawl Stone Soup version 0.25-a0-310-g60f0ac2d9a (webtiles) character file.

Game seed: 3728322818070482225, levelgen mode: deterministic

92 Glalom the Gusty (level 4, -1/33 HPs)
             Began as a Draconian Air Elementalist on Dec 23, 2019.
             Was an Initiate of Vehumet.
             Slain by an orc
             ... wielding a +0 whip of flaming
              (7 damage)
             ... on level 2 of the Dungeon.
             The game lasted 00:06:22 (1957 turns).

Glalom the Gusty (Draconian Air Elementalist)       Turns: 1957, Time: 00:06:22

Health: -1/33      AC:  7    Str: 10    XL:     4   Next: 35%
Magic:  1/7        EV: 12    Int: 16    God:    Vehumet [......]
Gold:   56         SH:  0    Dex: 12    Spells: 4/7 levels left

rFire    . . .     SeeInvis .   k - +0 quarterstaff
rCold    . . .     Gourm    .   (shield currently unavailable)
rNeg     . . .     Faith    .   (armour unavailable)
rPois    .         Spirit   .   g - +2 hat
rElec    .         Reflect  .   (no cloak)
rCorr    .         Harm     .   (no gloves)
MR       .....                  (no boots)
Stlth    ++........             (no amulet)
HPRegen  0.11/turn              (no ring)
MPRegen  0.10/turn              (no ring)

@: no status effects
A: unfitting armour, cold-blooded, AC +5
a: Renounce Religion


You were on level 2 of the Dungeon.
You worshipped Vehumet.
Vehumet was noncommittal.
You were hungry.

You visited 1 branch of the dungeon, and saw 2 of its levels.

You collected 56 gold pieces.

Inventory:

Hand Weapons
 k - a +0 quarterstaff (weapon)
Missiles
 l - 15 poisoned darts (quivered)
Armour
 g - a +2 hat (worn)
Jewellery
 h - an uncursed ring of magical power {unknown}
Wands
 j - a wand of disintegration (8)
Scrolls
 c - a scroll of enchant armour {unknown}
 e - a scroll of noise {unknown}
 f - 2 scrolls of identify {unknown}
 i - a scroll of teleportation {unknown}
 o - a scroll of fog {unknown}
Potions
 a - 2 potions of curing {unknown}
 d - a potion of degeneration {unknown}
 m - 2 potions of flight {unknown}
 n - a potion of heal wounds {unknown}
Comestibles
 b - 2 rations
 p - a chunk of flesh


   Skills:
 - Level 1.7 Dodging
 - Level 1.7 Stealth
 - Level 2.0 Spellcasting
 - Level 3.0 Conjurations
 + Level 4.2 Air Magic


You had 4 spell levels left.
You knew the following spells:

 Your Spells              Type           Power        Failure   Level  Hunger
a - Shock                 Conj/Air       ##..         4%          1    #......
b - Swiftness             Chrm/Air       #.......     13%         2    ###....

Your spell library contained the following spells:

 Spells                   Type           Power        Failure   Level  Hunger
 Static Discharge         Conj/Air       ##......     14%         3    ###....
 Airstrike                Air            ###.......   34%         4    #####..
 Lightning Bolt           Conj/Air       ##........   78%         5    ######.


Dungeon Overview and Level Annotations

Branches:
Dungeon (2/15)

Altars:
Makhleb
Vehumet

Annotations:
D:2 1 runed translucent door, Crazy Yiuf


Innate Abilities, Weirdness & Mutations

Your plain brown scales are hard. (AC +5)
You cannot fit into any form of body armour.
You are cold-blooded and may be slowed by cold attacks.


Message History

Aiming: Shock (safe; 4% risk of failure)
Press: ? - help, Shift-Dir - straight line, f/p - orc
Aim: an orc, wielding a +0 whip of flaming and wearing a +0 chain mail (almost dead)
You miscast Shock.
You are very lightly contaminated with residual magic.
Wisps of vapour drift from your hands.
You see here a +0 club.
Things that are here:
a +0 falchion; an orc corpse You are feeling hungry.
Your magical contamination has completely faded away.
Casting: Shock (safe; 4% risk of failure)
Confirm with . or Enter, or press ? or * to list all spells.
Aiming: Shock (safe; 4% risk of failure)
Press: ? - help, Shift-Dir - straight line, p - orc The zap hits the orc but does no damage.
The orc is severely wounded.
The zap misses the orc.
The orc hits you with a +0 whip of flaming!
You die...

.....#.# .# .##.##.# #.#
. .##^##.# #.# .#
#.#.##.# #.# ##.# ##..
#.# #.##...## #.##.####
#.#.....#
##......######.†......
##............o........
##..)..##.######@.......
#.÷...###.# #.#.....#
..###.# #.######)##.....
..# #.# #.....).........
..# #.# ########.##...##
..# #.# ..# ### ... ...
### ..###.. #.. ...


You could see an orc.

Vanquished Creatures
  An orc priest (D:2)
  2 adders (D:2)
  2 dart slugs
  An orc (D:2)
  3 bats (D:1)
  A giant cockroach (D:1)
  8 goblins
  4 hobgoblins
  4 jackals (D:1)
  2 quokkas (D:2)
  4 frilled lizards
  3 kobolds
  A rat (D:2)
36 creatures vanquished.

Notes
Turn   | Place    | Note
-------+----------+-------------------------------------------
     0 | D:1      | Glalom the Draconian Air Elementalist began the quest for
                  | the Orb.
     0 | D:1      | Reached XP level 1. HP: 14/14 MP: 3/3
     3 | D:1      | Noticed an electric eel
     3 | D:1      | Noticed an electric eel
   431 | D:1      | Reached XP level 2. HP: 20/20 MP: 0/5
  1297 | D:1      | Learned a level 2 spell: Swiftness
  1355 | D:2      | Reached XP level 3. HP: 26/26 MP: 3/6
  1415 | D:2      | Found a burning altar of Makhleb.
  1416 | D:2      | Found a radiant altar of Vehumet.
  1422 | D:2      | Became a worshipper of Vehumet
  1434 | D:2      | Found a runed translucent door.
  1435 | D:2      | Noticed Crazy Yiuf
  1703 | D:2      | Reached skill level 4 in Air Magic
  1902 | D:2      | Reached XP level 4. HP: 33/33 MP: 0/7
  1957 | D:2      | Slain by an orc

Levels and vault maps discovered:
D:1:      arrival_aquarium_b, layout_loops_corners,
          chequers_serial_rivers_small_b
D:2:      layout_loops_ring, chequers_temple_overflow_statue_of_worship,
          first_ration, uniq_crazy_yiuf_cottage

Skill      XL: |  1  2  3 |
---------------+----------+-----
Conjurations   | 2 3 |  3.0
Air Magic      | 4 |  4.2
Dodging        | |  1.7
Stealth        | |  1.7
Spellcasting   | |  2.0

Action                   |  1- 3 |  4- 6 || total
-------------------------+-------+-------++-------
Melee: Unarmed           |    19 |       ||    19
       Tailslap          |     2 |     1 ||     3
       Quarterstaff      |     5 |    13 ||    18
 Cast: Shock             |    64 |     5 ||    69
  Eat: Chunk             |     4 |       ||     4
Armor: Skin              |     9 |     3 ||    12
Dodge: Dodged            |    25 |     7 ||    32

Table legend:
 A = Non-vault XP
 B = Vault XP
 C = Vault XP percentage of total XP
 D = Non-vault monster count
 E = Vault monster count
 F = Vault count percentage of total count
                 A         B        C        D         E       F
            +---------+---------+-------+---------+---------+-------
      Total |     132 |       0 |   0.0 |      36 |       0 |   0.0
            +---------+---------+-------+---------+---------+-------
        D:1 |      37 |       0 |   0.0 |      20 |       0 |   0.0
        D:2 |      95 |       0 |   0.0 |      16 |       0 |   0.0
            +---------+---------+-------+---------+---------+-------
